AoeStats
← joahellen22

Hideout

507913112Analyzed
1v1 RM · 13d ago on Sep 20, 2026· 21m 53s· 2 players
Game mode
Random Map
Map size
Tiny (2 player)
Population
200
Speed
Normal
Resources
Standard
Victory
Conquest
Starting age
Dark Age
Ending age
Imperial Age
RankedLock teamsTeams togetherTeam positionsShared explorationLock speedFull tech treeHidden civsTurbo modeCheats
Victory
Defeat
🇮🇩 Spanish · Indonesia
1043
+14
🇳🇱 Poles · Netherlands
1000
-43
joahellen22
1:20 Loom
14:06 Feudal Age
15:27 Horse Collar
15:35 Double-Bit Axe
16:29 Wheelbarrow
15:24 Man-at-Arms
18:51 Arson
21:23 Scale Mail Armor
21:29 Scale Barding Armor
21:35 Forging
21:27 Padded Archer Armor
21:18 Fletching
Muted TY
7:16 Loom
10:18 Feudal Age
15:51 Castle Age
15:02 Double-Bit Axe
15:55 Horse Collar
19:01 Padded Archer Armor
Connection lost

Rejoining the realm…

Still unreachable

The connection could not be restored.

Session expired

The server has moved on; the page needs a fresh start.